 Dungeon Sprint DCSS version 0.30-a0-40-gc6d0f036a7 (webtiles) character file.

Game seed: 3833797318513189786

281 mhtbhm the Grappler (level 6, -18/57 HPs)
             Began as a Draconian Transmuter on Aug 29, 2022.
             Demolished by a spatial vortex (21 damage)
             ... in the Dungeon (Sprint III: "The Ten Rune Challenge").
             The game lasted 00:01:02 (584 turns).

mhtbhm the Grappler (Draconian Transmuter)           Turns: 584, Time: 00:01:03

Health: -18/57     AC:  5    Str: 14    XL:     6   Next: 6%
Magic:  7/14       EV: 11    Int: 14    God:
Gold:   25         SH:  0    Dex: 11    Spells: 5/15 levels left

rFire   x . .      SeeInvis .      - Unarmed
rCold   + + +      Faith    .    (shield currently unavailable)
rNeg    . . .      Spirit   .    (body armour unavailable)
rPois   +          Reflect  .    (helmet currently unavailable)
rElec   .          Harm     .    (cloak currently unavailable)
rCorr   .          Rampage  .    (gloves currently unavailable)
Will    .....      NoTele   +    (boots currently unavailable)
Stlth   ++........               (no amulet)
HPRegen 0.19/turn                (no ring)
MPRegen 0.14/turn                (no ring)

@: ice-form, wereblooded (expiring)
A: freezing attack, amphibious, boosted hp, AC +6, large, unfitting armour,
(cold-blooded), (big wings)
a: End Transformation


You were in the Dungeon.
You were a creature of crystalline ice.
You visited 1 branch You collected 25 gold pieces.

Inventory:

Armour
 f - a +0 cloak (melded)
Scrolls
 g - a scroll of blinking
 h - a scroll of immolation {unknown}
 i - 4 scrolls of identify
 k - a scroll of torment {unknown}
Potions
 b - a potion of curing
 c - a potion of heal wounds
 d - 2 potions of haste
 e - 2 potions of magic
 j - 4 potions of flight
 l - 4 potions of mutation
Miscellaneous
 a - a phantom mirror


   Skills:
 + Level 1.7 Fighting
 + Level 4.5 Dodging
 + Level 2.3 Stealth
 + Level 8.9 Unarmed Combat
 + Level 5.4 Spellcasting
 + Level 5.4 Transmutations
 + Level 0.8 Ice Magic


You had 5 spell levels left.
You knew the following spells:

 Your Spells              Type           Power      Damage    Failure   Level
a - Beastly Appendage     Tmut           38%        N/A       1%          1
b - Wereblood             Tmut           19%        N/A       2%          2
c - Spider Form           Tmut/Pois      11%        N/A       17%         3
d - Ice Form              Ice/Tmut       12%        N/A       41%         4

Your spell library contained the following spells:

 Spells                   Type           Power      Damage    Failure   Level


Dungeon Overview and Level Annotations

Branches:
Dungeon (1/1)

Altars:
Cheibriados
Fedhas
Gozag
Hepliaklqana
Makhleb
Nemelex Xobeh
Qazlal
Xom
Jiyva
Lugonu


Innate Abilities, Weirdness & Mutations

You are a creature of crystalline ice.
You have a powerful freezing melee attack.
You are amphibious.
Your maximum health is increased.
Your armour is entirely melded.
You are incapable of wielding weapons or throwing items.
((Your plain brown scales are hard. (AC +6)))
You cannot fit into any form of body armour.
((You are cold-blooded and may be slowed by cold attacks.))
((Your large and strong wings let you fly.))


Message History

You have reached level 5!
You hit the jelly. You freeze the jelly.
Your front paws burn!
The jelly is moderately wounded.
The jelly barely misses you.
You punch the jelly! You freeze the jelly.
Your front paws burn!
The jelly is almost dead.
The jelly misses you.
You hit the jelly. You freeze the jelly.
You feel a bit better.
You kill the jelly!
You have reached level 6!
Your scales feel tougher.
Unknown command.
You howl as the wereblood boils in your veins!
You howl as the wereblood boils in your veins!
You open the door.
A spatial vortex comes into view.
The spatial vortex moves out of view.
Found a blossoming altar of Fedhas and a stormy altar of Qazlal.
Found a phantom mirror.
Found eight altars.
You howl as the wereblood boils in your veins!
There is an open door here.
You howl as the wereblood boils in your veins!
There is a snail-covered altar of Cheibriados here.
There is a shimmering altar of Xom here.
You pummel the spatial vortex!! You freeze the spatial vortex.
The spatial vortex is heavily damaged.
The spatial vortex hits you!!
* * * LOW HITPOINT WARNING * * *
There is a sparkling altar of Nemelex Xobeh here.
You see here a phantom mirror.
a - a phantom mirror Your primal bloodlust is almost over.
The spatial vortex closely misses you.
Unknown command.
Press < or > to pray at altars.
The spatial vortex attacks as you move away!
The spatial vortex hits you.
* * * LOW HITPOINT WARNING * * *
Space warps horribly around you!!
You die...

†#### ##.# ....#####..#
.....#..#..#
##...#..#..###+#+###+##
###..##'#..#..........#
.##..###...'.⌠........#
##..####...#...######'#
##..###÷...#.⌠.#v_#...#
#...##.....#...#Y_#...#
....#..)...#+###__#...#
..##.#.....# #__#...+
.. ####....# #__'...#
▓▓ ▓▓▓▓▓▓ ▓▓▓▓▓▓▓▓


You could see a spatial vortex.

Vanquished Creatures
  A shadow (D)
  A water elemental (D)
  A jelly (D)
  Crazy Yiuf (D)
  A human (D)
  2 endoplasms (D)
  2 rats (D)
9 creatures vanquished.

Notes
Turn   | Place    | Note
-------+----------+-------------------------------------------
     0 | D        | mhtbhm the Draconian Transmuter began the quest for the
                  | Orb.
     0 | D        | Reached XP level 1. HP: 16/16 MP: 3/3
   158 | D        | Noticed Crazy Yiuf
   165 | D        | Killed Crazy Yiuf
   166 | D        | Reached skill level 5 in Unarmed Combat
   166 | D        | Reached XP level 2. HP: 22/23 MP: 3/6
   166 | D        | Reached XP level 3. HP: 27/28 MP: 3/7
   210 | D        | Gained mutation: Your large and strong wings let you fly.
                  | [potion of mutation]
   293 | D        | Learned a level 2 spell: Wereblood
   297 | D        | Learned a level 3 spell: Spider Form
   302 | D        | Noticed a water elemental
   310 | D        | Killed a water elemental
   311 | D        | Reached skill level 1 in Stealth
   311 | D        | Reached skill level 7 in Unarmed Combat
   311 | D        | Reached XP level 4. HP: 35/35 MP: 6/10
   427 | D        | Learned a level 4 spell: Ice Form
   562 | D        | Noticed a shadow
   568 | D        | Killed a shadow
   569 | D        | Reached skill level 8 in Unarmed Combat
   569 | D        | Reached skill level 5 in Spellcasting
   569 | D        | Reached skill level 5 in Transmutations
   569 | D        | Reached XP level 5. HP: 28/40 MP: 5/12
   572 | D        | Reached XP level 6. HP: 29/48 MP: 5/14
   577 | D        | Found a blossoming altar of Fedhas.
   577 | D        | Found a stormy altar of Qazlal.
   577 | D        | Noticed a spatial vortex
   578 | D        | Found a snail-covered altar of Cheibriados.
   578 | D        | Found a burning altar of Makhleb.
   578 | D        | Found a hazy altar of Hepliaklqana.
   578 | D        | Found a shimmering altar of Xom.
   578 | D        | Found an opulent altar of Gozag.
   578 | D        | Found a sparkling altar of Nemelex Xobeh.
   578 | D        | Found a corrupted altar of Lugonu.
   578 | D        | Found a viscous altar of Jiyva.
   584 | D        | Demolished by a spatial vortex

Illustrated notes

Levels and vault maps discovered:
D:        dungeon_sprint_mu [sprint_mu_entry_cave, sprint_mu_temple_rooms,
          sprint_mu_d1_spiders, sprint_mu_d2_genie, sprint_mu_d3_branching,
          sprint_mu_orc_legion, sprint_mu_elf_gauntlet, sprint_mu_hive_nellie,
          sprint_mu_lair_fedhas, sprint_mu_vaults_butterflies,
          sprint_mu_slime_circle, sprint_mu_shoals_archi,
          sprint_mu_snake_twists, sprint_mu_blade_basic,
          sprint_mu_crypt_chambers, sprint_mu_tomb_spiral,
          sprint_mu_vestibule_basic, sprint_mu_gehenna_hellfire,
          sprint_mu_dis_giant, sprint_mu_tartarus_statrot,
          sprint_mu_cocytus_islands, sprint_mu_zot1]

Skill      XL: |  1  2  3  4 |
---------------+-------------+-----
Dodging        | 2 3 4 |  4.5
Unarmed Combat | 5 7 8 |  8.9
Spellcasting   | 3 4 5 |  5.4
Transmutations | 3 5 |  5.4
Stealth        | 1 2 |  2.3
Fighting       | |  1.7
Ice Magic      | |  0.8

Action                   |  1- 3 |  4- 6 || total
-------------------------+-------+-------++-------
Melee: Unarmed           |    20 |     8 ||    28
       Headbutt          |     4 |       ||     4
       Kick              |     2 |       ||     2
       Tailslap          |     2 |       ||     2
 Cast: Beastly Appendage |     5 |       ||     5
       Wereblood         |     1 |     1 ||     2
       Ice Form          |       |     1 ||     1
  Use: Potion            |     3 |       ||     3
 Stab: Sleeping          |     1 |       ||     1
Armor: Skin              |     1 |     2 ||     3
Dodge: Dodged            |    10 |     3 ||    13

Table legend: (Time is in decaauts)
 A = Elapsed time spent in this place.
 B = Non-inter-level travel time spent in this place.
 C = Inter-level travel time spent in this place.
 D = Time resting spent in this place.
 E = Time spent auto-exploring this place.
 F = Levels seen in this place.
 G = Mean time per level.
                   A        B        C        D        E       F      G
               +--------+--------+--------+--------+--------+-----+--------+
         Total |    592 |    592 |      0 |    371 |     64 |   1 |  592.0 |
       Dungeon |    592 |    592 |      0 |    371 |     64 |   1 |  592.0 |
               +--------+--------+--------+--------+--------+-----+--------+

Top non-repeatable levels by time:
       D: 592 daAuts
